[Event "Early-Titled-Tuesday-Blitz-September-26-2023"]
[Site "Chess.com"]
[Date "2023.09.26"]
[Round "7"]
[White "Barbix1"]
[Black "noblerone"]
[Result "1/2-1/2"]
[WhiteElo "2335"]
[BlackElo "2485"]
[TimeControl "180+1"]
[EndTime "9:20:32 PDT"]
[Termination "Game drawn - insufficient material"]

1. d4 d5 2. Nf3 Nf6 3. Bf4 c5 4. e3 Nc6 5. Nbd2 cxd4 6. exd4 Bg4 7. Bb5 Qb6 8. c4 e6 9. Qa4 Bxf3 10. Nxf3 Be7 11.
O-O O-O 12. Bxc6 bxc6 13. c5 Qb7 14. h3 Rfc8 15. Ne5 Nd7 16. Nd3 Bf6 17. Rac1 a6 18.
Rc3 Qb5 19. Ra3 Qxa4 20. Rxa4 a5 21. b3 h6 22. Re1 Re8 23. Bc7 Bd8 24. Bd6 Rc8 25. Kf1 f6 26. f4 Nf8 27. g3 Ng6 28.
Re2 Kf7 29. Ke1 Ne7 30. Kd2 Nf5 31. g4 Nh4 32. Kc3 Nf3 33. Re3 Nh4 34. a3 Ng6 35. b4 axb4+ 36. Nxb4 Kg8 37. Ra7 Be7 38. Ra6 Bxd6 39.
cxd6 Red8 40. Rxc6 Rxc6+ 41. Nxc6 Rxd6 42. Nb4 Ne7 43. a4 Kf7 44. a5 Nc8 45. a6 Nb6 46. Re1 Rd7 47. Ra1 Rc7+ 48. Kb3 Na8 49. a7 Ke7 50. Nd3 Rb7+ 51. Kc2 Kd6 52. Nc5 Rc7 53. Kb3 e5 54. fxe5+ fxe5 55. Kb4 exd4 56. Ra6+ Rc6 57. Nb7+ Kc7 58.
Rxc6+ Kxc6 59. Na5+ Kb6 60. Nb3 Kxa7 61. Nxd4 Kb6 62.
Nf5 g6 63. Nxh6 Kc6 64. h4 Kd6 65. Nf7+ Ke6 66. Ng5+ Ke5 67. h5 gxh5 68. gxh5 Kf6 69. Nf3 Nc7 70. Kc5 Ne6+ 71. Kxd5 Nf8 72. h6 Kg6 73. h7 Kxh7 1/2-1/2

[Event "Early-Titled-Tuesday-Blitz-September-26-2023"]
[Site "Chess.com"]
[Date "2023.09.26"]
[Round "7"]
[White "TigranHH"]
[Black "ShahMatKanal"]
[Result "1-0"]
[WhiteElo "2266"]
[BlackElo "2494"]
[TimeControl "180+1"]
[EndTime "9:20:33 PDT"]
[Termination "TigranHH won by resignation"]

1. d4 Nf6 2. c4 c5 3. d5 b5 4. Nf3 g6 5. Qc2 Bg7 6. e4 d6 7. cxb5 O-O 8. Nc3 a6 9. a4 axb5 10. Bxb5 Na6 11. O-O Nb4 12. Qe2 Bg4 13. Be3 Nd7 14.
h3 Bxf3 15. gxf3 f5 16. Ra3 f4 17. Bc1 Bd4 18. Kg2 g5 19. Rg1 Kh8 20. Kf1 e5 21.
dxe6 Ne5 22. Nd5 Nxd5 23. exd5 Rb8 24. a5 Rxb5 25. Qxb5 Qa8 26. e7 Re8 27. a6 Rxe7 28. Rxg5 h6 29. Rxe5 Rxe5 30. Bxf4 Rf5 31. a7 Rxf4 32.
Qb8+ Rf8 33. Qxf8+ Qxf8 34. a8=Q Qxa8 35. Rxa8+ Kg7 36.
b3 Kf6 37. Re8 Be5 38. Ke2 h5 39. Rf8+ Kg7 40. Re8 Kf6 41. Ke3 Kf5 42. Rf8+ Kg6 43.
f4 Bd4+ 44. Kf3 Kg7 45. Rd8 c4 46. bxc4 Bc5 47. Ke4 Kf6 48. Rf8+ Kg7 49. Rd8 Kf7 50. f5 Ke7 51. Rh8 Bxf2 52. Rxh5 Bc5 53. Rh6 Kf7 54. Re6 Kg7 55. h4 Kf7 56. h5 Kg7 57. h6+ Kh7 58.
Kf4 Ba3 59. Kg4 Bb4 60. Kh5 Bc5 61. Re7+ Kg8 62. Kg6 Kf8 63. Rb7 Bd4 64. Rb8+ Ke7 65. f6+ Bxf6 66. Rb7+ Kd8 67. Kxf6 Kc8 68. Rf7 Kd8 69.
h7 1-0

[Event "Early-Titled-Tuesday-Blitz-September-26-2023"]
[Site "Chess.com"]
[Date "2023.09.26"]
[Round "7"]
[White "Alina_Gumerovna"]
[Black "RobertoJBM"]
[Result "1-0"]
[WhiteElo "2174"]
[BlackElo "2789"]
[TimeControl "180+1"]
[EndTime "9:20:37 PDT"]
[Termination "Alina_Gumerovna won on time"]

1. e4 c6 2. d4 d5 3. Nc3 dxe4 4.
Nxe4 Nd7 5. Nf3 Ngf6 6. Ng3 e6 7. Bd3 c5 8. O-O cxd4 9. Nxd4 Bc5 10. c3 O-O 11. Bg5 Re8 12. Nb3 Be7 13. Qf3 Ne5 14.
Qe2 Qxd3 15. Qxe5 Ng4 16. Qe4 Qxe4 17. Nxe4 f6 18. h3 Ne5 19. Bh4 Nf7 20. f4 e5 21.
Bg3 f5 22. Nec5 b6 23. Nd3 e4 24. Ne5 Nxe5 25. fxe5 g6 26. Rad1 Ba6 27. Rfe1 Rad8 28.
Nd4 Bb7 29. Nb5 a6 30. Nc7 Rxd1 31. Rxd1 Rd8 32. Rxd8+ Bxd8 33. Ne6 Be7 34. Nd4 Bd5 35.
b3 b5 36. Kf2 Kf7 37. h4 h6 38. Ke3 Ba3 39. Be1 Bc5 40. g3 g5 41. hxg5 hxg5 42. Ke2 f4 43. gxf4 gxf4 44. Bd2 e3 45. Be1 Kg6 46.
e6 Be7 47. Nf3 Kf6 48. Bh4+ Kxe6 49. Nd4+ Kd7 50. Bxe7 Kxe7 51. a4 bxa4 52. bxa4 Kd6 53. Nf5+ Kc5 54. Nxe3 fxe3 55. Kxe3 Kc4 56. Kd2 Kb3 57.
Kc1 Ka2 58. Kc2 Bc4 59. Kc1 Bb3 60. a5 Bc4 61. Kc2 Bb5 62. Kc1 Bd3 63. Kd2 Bf5 64.
Kc1 Kb3 65. c4 1-0

[Event "Early-Titled-Tuesday-Blitz-September-26-2023"]
[Site "Chess.com"]
[Date "2023.09.26"]
[Round "7"]
[White "Irina_Mikhaylova"]
[Black "rikchessmx"]
[Result "1/2-1/2"]
[WhiteElo "2285"]
[BlackElo "2349"]
[TimeControl "180+1"]
[EndTime "9:20:37 PDT"]
[Termination "Game drawn - insufficient material"]

1. d4 Nf6 2. c4 e6 3. Nf3 c5 4.
d5 b5 5. dxe6 fxe6 6. cxb5 Bb7 7. g3 Be7 8. Bg2 O-O 9. O-O a6 10. bxa6 Nxa6 11. Nbd2 d5 12. e4 Nb4 13. a3 Nd3 14. Qe2 Ba6 15. exd5 exd5 16. Qe6+ Kh8 17. Re1 Nxe1 18. Qxe1 Bd6 19. Nf1 Ne4 20. Be3 Qf6 21. Qc1 Bxf1 22. Kxf1 d4 23. Bg5 Nxg5 24. Qxg5 Qe6 25.
Qh5 g6 26. Qxh7+ Kxh7 27. Ng5+ Kg8 28. Nxe6 Rab8 29. Nxf8 Kxf8 30. Ra2 c4 31. Bd5 c3 32. bxc3 dxc3 33. Rc2 Be5 34. Be4 g5 35. Ke2 Rb3 36.
a4 Ra3 37. Bc6 Ke7 38. Ke3 Kd6 39. Bb5 Ra1 40. f4 gxf4+ 41. gxf4 Bf6 42. Ke4 Re1+ 43. Kf5 Bd4 44. h4 Rh1 45. Kg4 Kc5 46. h5 Kb4 47.
Kg5 Kb3 48. Bd3 Rh3 49. Bg6 Kxa4 50. h6 Kb3 51. Bf5 Rg3+ 52. Kh5 Rg1 53. h7 Rh1+ 54. Kg6 Rh4 55. Re2 Rxf4 56. Bc2+ Kb4 57. Kg5 Rf1 58. Re4 Rg1+ 59. Kf5 Rh1 60. Kg6 Rg1+ 61. Kf5 Rh1 62. Kg6 Kc5 63. Rg4 Rh2 64. Bf5 c2 65. Bxc2 Rxc2 66.
Rg5+ Kd6 67. Rh5 Rc8 68. Kf7 Be5 69. Rxe5 Kxe5 70. Kg7 Rc7+ 71. Kg8 Rc8+ 72. Kg7 Rc7+ 73. Kg8 Rxh7 74. Kxh7 1/2-1/2

[Event "Early-Titled-Tuesday-Blitz-September-26-2023"]
[Site "Chess.com"]
[Date "2023.09.26"]
[Round "7"]
[White "Lion-Al-Messi"]
[Black "Manukyan_Artak"]
[Result "1/2-1/2"]
[WhiteElo "2641"]
[BlackElo "2417"]
[TimeControl "180+1"]
[EndTime "9:20:39 PDT"]
[Termination "Game drawn by agreement"]

1. e4 c6 2. Nf3 d5 3. Nc3 dxe4 4. Nxe4 Nf6 5. Nxf6+ exf6 6. Bc4 Bd6 7. Qe2+ Qe7 8. Qxe7+ Kxe7 9. O-O Be6 10. Re1 Kd7 11. Be2 Re8 12. d4 Bd5 13. Be3 b5 14. a4 b4 15. c4 bxc3 16. bxc3 a5 17. c4 Bxf3 18. Bxf3 Bb4 19. Red1 g6 20. c5 Na6 21. d5 Nxc5 22. dxc6+ Kc7 23. Bf4+ Kb6 24. c7 Rac8 25. Rd6+ Ka7 26.
Rxf6 Bc3 27. Rb1 Bxf6 28. g4 Be5 29. Be3 Rxc7 30. Rb5 Bd6 31. Rxa5+ Kb6 32. Rb5+ Ka6 33. Be2 Rxe3 34. fxe3 Ka7 35. Ra5+ Kb8 36. Bf3 Kc8 37.
Ra8+ Kd7 38. Rh8 Nxa4 39. Rxh7 Ke6 40. h4 Rc2 41. h5 gxh5 42. gxh5 Bc5 43. Rh8 Bxe3+ 44.
Kh1 Bf4 45. Re8+ Kf6 46. Re4 Kg5 47. Rxa4 Rf2 48. Ra3 Kh4 49. Kg1 Rb2 50. Kf1 f5 51. Be2 Kg5 52. Ra6 Be3 53. h6 Rb7 54. Ra3 Kf4 55. Ra4+ Kg3 56. Bd3 Bxh6 57. Ra3 Kf4 58. Ra4+ Ke3 59. Bxf5 Rf7 60. Ra5 Kf4 61. Be6 Rf6 62. Bd7 Ke3+ 63. Ke1 Bf4 64. Ra3+ Kd4 65. Ra4+ Ke5 66. Bc8 Kd6 67. Bg4 Ke7 68. Ke2 Bd6 69.
Ke3 Rf4 70. Ra7+ Kf6 71. Ra6 Rxg4 72. Rxd6+ Kg5 73. Rd5+ Kh4 1/2-1/2

[Event "Early-Titled-Tuesday-Blitz-September-26-2023"]
[Site "Chess.com"]
[Date "2023.09.26"]
[Round "7"]
[White "Tssunami"]
[Black "Staudenhocker43"]
[Result "0-1"]
[WhiteElo "2398"]
[BlackElo "2563"]
[TimeControl "180+1"]
[EndTime "9:20:39 PDT"]
[Termination "Staudenhocker43 won by resignation"]

1. e4 c5 2. Nf3 e6 3. d4 cxd4 4.
Nxd4 Nc6 5. Nc3 Qc7 6. Be2 a6 7. O-O Nf6 8. Nb3 b5 9. a3 Bb7 10. Bg5 Be7 11. Qd2 d6 12. f4 h6 13. Bh4 O-O 14. Bf3 Rfd8 15. Bf2 Na5 16. Nxa5 Qxa5 17. Rad1 Qc7 18. g4 Rac8 19. g5 hxg5 20. fxg5 Nd7 21. g6 fxg6 22. Bg4 Nf8 23. Be3 Bf6 24. Qf2 Qe7 25. Bb6 Rd7 26. Rd3 Rxc3 27. bxc3 Bxe4 28. Rh3 Rb7 29. Bd4 e5 30. Be3 Rc7 31. Bd2 d5 32. Qb6 Qc5+ 33. Qxc5 Rxc5 34. Ra1 Bxc2 35. Be2 Ne6 36.
Bd1 Bxd1 37. Rxd1 e4 38. Rg3 Kf7 39. Rf1 Rc4 40. Kg2 Ra4 41. Bc1 Nc5 42. Rd1 Nd3 43. Rh3 Bxc3 44. Rf1+ Bf6 45. Bg5 Rxa3 46. Rh7 Ke6 47.
Bxf6 gxf6 48. Rg7 g5 49. Rg6 Nf4+ 50. Kh1 Nxg6 51. h4 Nxh4 52. Kg1 Nf3+ 53. Kh1 Ke5 54. Rd1 b4 55. Rb1 b3 56. Kg2 a5 57. Rb2 a4 58.
Kh1 Ra1+ 59. Kg2 Ra2 60. Kh1 Ra3 61. Kg2 Nd4 62. Kg3 Ra2 63. Rb1 b2 64. Kg4 a3 65.
Rf1 Ra1 66. Rh1 f5+ 67. Kg3 f4+ 68. Kg4 Rxh1 0-1

[Event "Early-Titled-Tuesday-Blitz-September-26-2023"]
[Site "Chess.com"]
[Date "2023.09.26"]
[Round "7"]
[White "sergoy"]
[Black "zimmm36"]
[Result "1-0"]
[WhiteElo "2924"]
[BlackElo "2701"]
[TimeControl "180+1"]
[EndTime "9:20:52 PDT"]
[Termination "sergoy won by checkmate"]

1. d4 d5 2. c4 e6 3. Nf3 Nf6 4.
Nc3 a6 5. cxd5 exd5 6. Bg5 Be6 7. Bxf6 Qxf6 8. Qb3 b5 9. a4 b4 10. Nxd5 Qd8 11. e4 c6 12. Qe3 cxd5 13. exd5 Qxd5 14. Bd3 Ra7 15. Rc1 Re7 16. O-O g6 17. Qf4 Qd8 18. Qe5 Rg8 19. Rfe1 Bg7 20. Qc5 Rd7 21. Qxb4 Bxd4 22.
Bc4 Nc6 23. Qa3 Rd6 24. b4 Ne7 25. Bxe6 fxe6 26. Nxd4 Rxd4 27. Rxe6 Rf8 28. Rce1 Rf7 29. b5 axb5 30. axb5 Rd1 31. Qb4 Rxe1+ 32. Rxe1 Qb6 33. Re2 Kf8 34. h3 Qb7 35. b6 Kg7 36. Qd4+ Kg8 37.
Re6 Nf5 38. Re8+ Rf8 39. Qc4+ Kg7 40. Re5 Rf7 41. Qc3 Qxb6 42. Rxf5+ Kg8 43. Qc8+ Kg7 44. Rxf7+ Kxf7 45. Qd7+ Kf6 46. Qxh7 Qb1+ 47. Kh2 Qb8+ 48. g3 Qa8 49. Qh4+ Kg7 50. Qd4+ Kh7 51. Qe3 Qa2 52.
h4 Kg7 53. Qd4+ Kh7 54. g4 Qb3 55. Qf4 Qd1 56. Qf7+ Kh6 57. Qf4+ Kh7 58. Qe4 Kh6 59. Kg2 Qa1 60. Qf4+ Kh7 61. h5 gxh5 62. Qf5+ Kg7 63. Qg5+ Kf8 64. Qxh5 Qa8+ 65. f3 Qa2+ 66. Kg3 Qd2 67. Qf5+ Kg8 68. Qe6+ Kg7 69. Qe5+ Kg8 70. g5 Qc1 71. Kg4 Qg1+ 72. Kf5 Qb1+ 73. Qe4 Qb5+ 74. Kf6 Qb2+ 75. Qe5 Qb8 76. Qxb8+ Kh7 77. Qc7+ Kh8 78. Qg7# 1-0

[Event "Early-Titled-Tuesday-Blitz-September-26-2023"]
[Site "Chess.com"]
[Date "2023.09.26"]
[Round "7"]
[White "Fore_Man"]
[Black "Rosh1610"]
[Result "0-1"]
[WhiteElo "2288"]
[BlackElo "2468"]
[TimeControl "180+1"]
[EndTime "9:20:57 PDT"]
[Termination "Rosh1610 won by resignation"]

1. Nf3 d5 2. c4 c6 3. d4 Nf6 4. e3 e6 5. Nc3 Be7 6. Be2 O-O 7. O-O dxc4 8. Bxc4 b5 9. Bb3 Bb7 10. a4 b4 11. Ne2 c5 12. dxc5 Nc6 13. Ned4 Bxc5 14. Nxc6 Bxc6 15. Qc2 Rc8 16. Qxc5 Bxf3 17.
Qxb4 Ba8 18. Rd1 Qc7 19. Bd2 Rb8 20. Qa3 Qb7 21. f3 Qxb3 22. Qxb3 Rxb3 23. Bc3 Nd5 24. Bd4 Nxe3 25. Rdc1 Nf5 26. Bxa7 Rxb2 27. Bc5 Rd8 28. Rd1 Rc8 29. a5 h6 30. Bb6 Nh4 31. Bf2 Ng6 32.
Rac1 Rcb8 33. Bb6 Nf4 34. Bc7 Ne2+ 35. Kf1 Nxc1 36. Bxb8 Rxb8 37. Rxc1 Bd5 38. Kf2 Ra8 39. Ra1 Ra6 40. Ke3 Kf8 41. Kd4 Ke7 42. Kc5 Kf6 43. Kb5 Ra8 44. a6 Ke5 45. a7 Kf4 46. Ra3 h5 47. g3+ Ke5 48. Kb6 Kd4 49. Kc7 Ke5 50.
Kd7 f5 51. Ke7 g5 52. Ra5 Kd4 53. Ra4+ Kc5 54. Ra3 Kb4 55. Ra1 Kb5 56. Kf6 Kb6 57.
Kxg5 Rxa7 58. Rb1+ Kc6 59. Kxh5 Bxf3+ 60. Kg5 Be4 61.
Rc1+ Kd5 62. h4 Ke5 63. h5 Rg7+ 64. Kh4 Rg4+ 65. Kh3 Kf6 66. Re1 Kg5 67. Ra1 Kxh5 68. Ra7 Bd5 69. Rh7+ Kg6 70. Re7 Rg5 71. Re8 Kf6 72.
Rf8+ Ke7 73. Rb8 Rg7 74. Rc8 Kf6 75. Rf8+ Rf7 76. Rh8 Be4 77. Re8 e5 78. Rb8 Re7 79. Rb6+ Re6 80. Rb8 Bf3 81. Rh8 Bg4+ 82. Kg2 e4 83. Rh6+ Ke5 84. Rh8 Kd4 85. Re8 Rxe8 0-1

[Event "Early-Titled-Tuesday-Blitz-September-26-2023"]
[Site "Chess.com"]
[Date "2023.09.26"]
[Round "7"]
[White "djokovic74"]
[Black "Agibileg"]
[Result "1/2-1/2"]
[WhiteElo "2694"]
[BlackElo "2668"]
[TimeControl "180+1"]
[EndTime "9:21:03 PDT"]
[Termination "Game drawn - insufficient material"]

1. e4 e5 2. Nf3 Nc6 3. Bb5 a6 4. Ba4 Nf6 5. O-O Be7 6. d3 b5 7. Bb3 O-O 8. Nc3 d6 9. a3 Bg4 10. Be3 Nd4 11. Bxd4 exd4 12. Nd5 c6 13. h3 Bxf3 14.
Nxf6+ Bxf6 15. Qxf3 Kh8 16. g3 Be5 17. Qg2 g5 18.
Kh1 f5 19. exf5 d5 20. Rae1 Qd6 21. f4 gxf4 22. gxf4 Bxf4 23. Re6 Qc7 24. Qg4 Be3 25. f6 Rg8 26. Qf5 Qg3 27. Qf3 Qxf3+ 28. Rxf3 Rg1+ 29. Kh2 Rag8 30. h4 R8g2+ 31. Kh3 Rg8 32. Kh2 R1g2+ 33. Kh3 Bf4 34. Re2 R8g3+ 35. Rxg3 Rxg3+ 36. Kh2 Re3+ 37. Kg2 Rxe2+ 38. Kf3 Re6 39. Kxf4 Rxf6+ 40. Ke5 Rh6 41. Kxd4 Rxh4+ 42. Kc5 Rh6 43. a4 Rf6 44. c4 dxc4 45.
dxc4 h5 46. cxb5 axb5 47. a5 h4 48. a6 h3 49. a7 Rf8 50. Kxc6 Kg7 51. Kb7 Kf6 52.
a8=Q Rxa8 53. Kxa8 Ke5 54. Bd1 Ke4 55. Be2 b4 56. Ba6 h2 57. Bb7+ Kd3 58. Ka7 Kc2 59.
Kb6 Kxb2 60. Kb5 b3 61. Kb4 Ka2 62. Bd5 Kb2 63. Bh1 Kc2 64. Be4+ Kb2 65. Bh1 Ka2 66. Bd5 h1=Q 67. Bxh1 b2 68. Bd5+ Ka1 69. Be4 b1=Q+ 70. Bxb1 1/2-1/2

[Event "Early-Titled-Tuesday-Blitz-September-26-2023"]
[Site "Chess.com"]
[Date "2023.09.26"]
[Round "7"]
[White "Eagle_2019"]
[Black "GaalZsoka"]
[Result "1/2-1/2"]
[WhiteElo "2683"]
[BlackElo "2473"]
[TimeControl "180+1"]
[EndTime "9:21:10 PDT"]
[Termination "Game drawn - timeout vs insufficient material"]

1. Nf3 Nf6 2. c4 g6 3. g3 Bg7 4. Bg2 O-O 5. O-O c5 6. d4 cxd4 7. Nxd4 Nc6 8. Nc3 Ng4 9. Nc2 Nge5 10. Ne3 d6 11. Bd2 Be6 12. Ncd5 Rc8 13. Bc3 a6 14. b3 b5 15. cxb5 axb5 16. a4 bxa4 17. bxa4 Na5 18. Bxa5 Qxa5 19. Nxe7+ Kh8 20. Nxc8 Rxc8 21. Qxd6 h5 22.
h4 Rd8 23. Qa3 Rd2 24. Rfe1 Ng4 25. Nxg4 Bxg4 26. Rad1 Bxe2 27. Rxd2 Qxd2 28. Qc1 Qa2 29. Qb1 Qd2 30. a5 Bd4 31. Qc1 Qa2 32. Qf4 Bc3 33.
Rxe2 Qxe2 34. Qxf7 Bd4 35. Qf8+ Kh7 36. Qf7+ Kh8 37. a6 Qxa6 38. Bf1 Qa1 39. Kg2 Qb2 40. Bd3 Qb3 41. Bxg6 Qxf7 42. Bxf7 Kg7 43. Bxh5 Kh6 44.
Be2 Bf6 45. f4 Bd4 46. Kf3 Bc3 47. g4 Be1 48. Kg2 Bxh4 49. Kf3 Bf6 50. Ke4 Kg6 51.
Bd3 Bc3 52. Kf3+ Kf6 53. g5+ Kg7 54. Kg4 Bb4 55. f5 Be7 56. Kf4 Bd8 57. Bc4 Be7 58.
Be6 Bd8 59. Bd7 Be7 60. Kg4 Bd8 61. Bc6 Be7 62. Be4 Bd8 63. Kf4 Be7 64. Bf3 Bd8 65. Bh5 Be7 66. g6 Bf6 67. Ke4 Be7 68. Kd5 Bf6 69. Ke6 Bc3 70. Bf3 Bb2 71. Be4 Ba1 72. Kd5 Bf6 73. Kc4 Bb2 74. Kb3 Bf6 75. Kc2 Be5 76. Kd3 Bf6 77. Bd5 Be5 78. Ke4 Ba1 79. Kf4 Bb2 80. Kg5 Bf6+ 81. Kh5 Ba1 1/2-1/2

[Event "Early-Titled-Tuesday-Blitz-September-26-2023"]
[Site "Chess.com"]
[Date "2023.09.26"]
[Round "7"]
[White "carloseduar100"]
[Black "MaxLeto"]
[Result "0-1"]
[WhiteElo "2333"]
[BlackElo "2510"]
[TimeControl "180+1"]
[EndTime "9:21:11 PDT"]
[Termination "MaxLeto won by checkmate"]

1. e4 c5 2. Nf3 d6 3. Nc3 Nf6 4. Bc4 e6 5. O-O a6 6. a4 b6 7. Re1 Bb7 8. d3 Nbd7 9. Bg5 Be7 10. h3 O-O 11. Qd2 Re8 12. Ba2 Qc7 13. d4 cxd4 14.
Nxd4 Nc5 15. f3 Rac8 16. Kh1 Bc6 17. a5 bxa5 18. Bc4 Qb6 19. b3 Bb7 20. Na4 Nxa4 21. Rxa4 d5 22. exd5 exd5 23. Nf5 Bb4 24. c3 dxc4 25.
cxb4 Rxe1+ 26. Qxe1 Re8 27. Qc3 cxb3 28. bxa5 Qf2 29. Bxf6 Bxf3 30. Qxf3 Qxf3 31. gxf3 gxf6 32. Rb4 Re1+ 33. Kg2 Rb1 34. Ne3 b2 35. Nc4 Ra1 36. Rxb2 Ra4 37. Rc2 f5 38. Kg3 Kg7 39. Kf4 Kg6 40. Ke5 h5 41. f4 h4 42. Rg2+ Kh6 43. Kxf5 Rxc4 44. Rb2 Rc5+ 45. Kf6 Rxa5 46. Kxf7 Rf5+ 47.
Ke6 Rxf4 48. Rb3 a5 49. Ra3 a4 50. Ke5 Rb4 51. Kf5 Kh5 52. Rd3 Rb5+ 53. Kf4 Rb4+ 54.
Kf5 Rb3 55. Rd8 Rf3+ 56. Ke4 Rxh3 57. Ra8 Ra3 58. Kf5 Rf3+ 59. Ke4 Rg3 60. Kf5 Rf3+ 61.
Ke4 Ra3 62. Kf5 Kh6 63. Kf6 Kh7 64. Kg5 h3 65. Kg4 Kg7 66. Ra5 Kf6 67. Rh5 Ke6 68.
Kf4 Kd6 69. Ke4 Kc6 70. Kd4 Rb3 71. Kc4 Rg3 72. Kb4 a3 73. Rh6+ Kd5 74. Rh5+ Ke4 75. Rh4+ Kf3 76. Kxa3 Kg2+ 77. Kb4 h2 78. Kc4 h1=Q 79.
Rxh1 Kxh1 80. Kd4 Kg2 81. Ke5 Kf3 82. Kf5 Rg4 83. Ke5 Re4+ 84. Kf5 Ke3 85. Kg5 Kd4 86. Kf5 Kd5 87. Kg5 Ke5 88. Kg6 Rf4 89. Kg5 Rf5+ 90. Kg6 Ke6 91. Kg7 Rg5+ 92. Kh6 Kf6 93.
Kh7 Rg1 94. Kh8 Kf7 95. Kh7 Rh1# 0-1

[Event "Early-Titled-Tuesday-Blitz-September-26-2023"]
[Site "Chess.com"]
[Date "2023.09.26"]
[Round "7"]
[White "vovachesss"]
[Black "Saif_Malek04"]
[Result "1-0"]
[WhiteElo "2747"]
[BlackElo "2609"]
[TimeControl "180+1"]
[EndTime "9:21:16 PDT"]
[Termination "vovachesss won by checkmate"]

1. e4 e5 2. f4 d5 3. exd5 e4 4. d3 Nf6 5. dxe4 Nxe4 6. Qe2 Qxd5 7. Nd2 f5 8. Nxe4 fxe4 9. Qb5+ c6 10. Qxd5 cxd5 11.
Be3 Nc6 12. O-O-O Be6 13. Ne2 O-O-O 14. Nd4 Bc5 15. Bb5 Bxd4 16. Bxd4 a6 17. Be2 Rhf8 18.
Rhf1 Rf7 19. c3 Rdf8 20. Be3 g6 21. g3 h5 22. Rd2 Ne7 23. Bd1 Nf5 24. Re2 Bd7 25.
Rfe1 Bb5 26. Rd2 Rd8 27. Bb3 Rfd7 28. Bd4 Bd3 29. Bf6 Rf8 30. Be5 b5 31. a3 Re8 32.
Bc2 Bxc2 33. Kxc2 g5 34. Ree2 gxf4 35. gxf4 Rg8 36. Rd1 h4 37. Kb3 h3 38. Red2 Ne3 39.
Re1 Nc4 40. Rf2 Rg2 41. Rxg2 hxg2 42. Rg1 Nxe5 43. fxe5 Rg7 44. h4 Kd7 45. h5 Ke6 46. h6 Rh7 47. Rxg2 Rxh6 48. Rg5 e3 49. Kc2 Rh2+ 50.
Kd3 e2 51. Kd2 Rf2 52. Rg6+ Kxe5 53. Rxa6 Rh2 54. Ra8 Ke4 55. Re8+ Kf3 56. Re3+ Kf4 57. Rxe2 Rh1 58. Kc2 Kf3 59. Re5 Rh2+ 60. Kc1 Rh1+ 61.
Kc2 Rh2+ 62. Kb1 Rd2 63. Kc1 Re2 64. Rxd5 Ke4 65. Rxb5 Re1+ 66. Kc2 Rh1 67. a4 Rh2+ 68. Kb3 Kd3 69. Rd5+ Ke4 70. Rd4+ Ke5 71. a5 Rh6 72. Ka4 Rh8 73. b4 Rb8 74. a6 Rc8 75. Rd3 Ke4 76.
Rh3 Kd5 77. Rh5+ Kc4 78. Rc5+ Rxc5 79. bxc5 Kd5 80. a7 Kxc5 81. a8=Q Kc4 82. Qe4+ Kxc3 83. Kb5 Kd2 84. Qf3 Ke1 85. Qg2 Kd1 86. Qf2 Kc1 87. Qe2 Kb1 88. Qd2 Ka1 89. Ka6 Kb1 90. Ka7 Ka1 91.
Ka8 Kb1 92. Kb8 Ka1 93. Kc8 Kb1 94. Kd8 Ka1 95. Ke8 Kb1 96. Kf8 Ka1 97. Kg8 Kb1 98. Kh8 Ka1 99. Kg7 Kb1 100. Kf6 Ka1 101. Ke5 Kb1 102.
Kd4 Ka1 103. Kc3 Kb1 104. Qb2# 1-0

[Event "Early-Titled-Tuesday-Blitz-September-26-2023"]
[Site "Chess.com"]
[Date "2023.09.26"]
[Round "7"]
[White "Mops_2004"]
[Black "lefonghua"]
[Result "1/2-1/2"]
[WhiteElo "2759"]
[BlackElo "2625"]
[TimeControl "180+1"]
[EndTime "9:21:18 PDT"]
[Termination "Game drawn by repetition"]

1. g3 Nf6 2. Bg2 g6 3. d4 Bg7 4.
e4 d6 5. Nc3 O-O 6. Nf3 c5 7. h3 cxd4 8. Nxd4 Nc6 9. Be3 Bd7 10.
O-O Nxd4 11. Bxd4 Bc6 12. Nd5 Bxd5 13. exd5 Nd7 14. Bxg7 Kxg7 15. Qd4+ Kg8 16. Rfe1 Re8 17. c3 Qb6 18. Qd2 Rac8 19. Re3 Ne5 20. b3 f5 21.
Rae1 Rc7 22. Kh2 Qc5 23. f4 Nf7 24. g4 fxg4 25. hxg4 Kg7 26. g5 b5 27. Bh3 a5 28. Be6 Nd8 29. f5 gxf5 30. Bxf5 Nf7 31. Rh3 Rh8 32. Bxh7 Rxh7 33. Rxh7+ Kxh7 34. g6+ Kxg6 35.
Rg1+ Qxg1+ 36. Kxg1 Ne5 37. Kf2 a4 38. Qd4 axb3 39.
axb3 Rc5 40. Ke3 Kf5 41. Qf4+ Kg6 42. Qg3+ Kf7 43. Kd4 Ke8 44. Qh3 Kd8 45. Qf5 Nd7 46. Qf1 Nb6 47. Qf8+ Kd7 48. Qf5+ Kc7 49. Qf7 Rxd5+ 50.
Ke4 Re5+ 51. Kd3 Rd5+ 52. Kc2 Re5 53. Qf2 Kc6 54. Qf3+ Kc7 55. Qg3 Kc6 56. Qg8 Kc7 57.
Qg1 Kc6 58. Qa1 Kb7 59. Qh1+ Kc7 60. Qh8 Kb7 61. Qe8 Kc7 62. Qh8 Kb7 63. Qd8 Kc6 64.
Qb8 Re2+ 65. Kd3 Re5 66. Qa7 Rd5+ 67. Kc2 Re5 68. Qa1 Re2+ 69. Kd3 Re5 70. Qh1+ Kc7 71. Qh7 Rd5+ 72. Kc2 Re5 73. Qg8 Re2+ 74. Kd3 Re5 75. Qe8 Rd5+ 76. Kc2 Re5 77. Qf7 Re2+ 78. Kd3 Re5 79. Qf2 Rd5+ 80. Kc2 Re5 81. Qh2 Kb7 82. Kb2 Kc7 83. Ka3 Kc6 84. Qg2+ Kc7 85. Kb4 Nd5+ 86. Ka5 Nxc3 87. Qa8 Nd5 88. Qa7+ Kd8 89. Qb8+ Kd7 90.
Qxb5+ Kc7 91. Qc4+ Kd7 92. Qb5+ Kc7 93. Qc4+ Kd7 94.
Qb5+ 1/2-1/2

[Event "Early-Titled-Tuesday-Blitz-September-26-2023"]
[Site "Chess.com"]
[Date "2023.09.26"]
[Round "7"]
[White "Lady_Nika"]
[Black "twofoxniel"]
[Result "0-1"]
[WhiteElo "2485"]
[BlackElo "2671"]
[TimeControl "180+1"]
[EndTime "9:21:24 PDT"]
[Termination "twofoxniel won on time"]

1. e4 d5 2. exd5 Nf6 3. Nc3 Nxd5 4. Nf3 g6 5. Be2 Bg7 6. O-O O-O 7. Nxd5 Qxd5 8. a3 c5 9. d3 Nc6 10. c4 Qd6 11.
Rb1 Bf5 12. Nh4 Be6 13. Be3 Rad8 14. Qa4 a6 15. b4 cxb4 16. axb4 Nd4 17. Bxd4 Bxd4 18.
Nf3 Bf6 19. b5 Ra8 20. bxa6 Rxa6 21. Qb5 Ra2 22. c5 Qf4 23. d4 Bd5 24. Rfd1 Rfa8 25. Rb2 Rxb2 26. Qxb2 Ra2 27. Qb5 Kg7 28. Qd3 h5 29.
Kf1 g5 30. Qe3 Qxe3 31. fxe3 g4 32. Ne5 Bxg2+ 33. Kxg2 Rxe2+ 34. Kg1 Rxe3 35. Nd7 Bg5 36. d5 Rc3 37. Rb1 Be3+ 38. Kg2 Bxc5 39. Nxc5 Rxc5 40. Rxb7 Rxd5 41. Rxe7 Kg6 42. Re1 Rd3 43. Re8 Kg5 44. Rg8+ Kf4 45. Rf8 f5 46. Rh8 Rh3 47.
Rh7 Kg5 48. Rg7+ Kf6 49. Rg8 Rc3 50. Rh8 Kg6 51. Rg8+ Kh7 52. Rg5 Rc2+ 53. Kg1 f4 54.
Rxh5+ Kg6 55. Rh8 Kg5 56. Rg8+ Kf5 57. Rf8+ Ke4 58. Ra8 Rc3 59. Ra1 Re3 60. Rf1 f3 61. Ra1 Kf4 62. Ra4+ Re4 63. Ra8 Re1+ 64. Kf2 Re2+ 65.
Kg1 Ke3 66. Re8+ Kf4 67. Rf8+ Ke4 68. Re8+ Kf5 69. Rf8+ Kg6 70. Rf4 Kg5 71. Ra4 Rg2+ 72. Kh1 Kh4 73. Ra1 Re2 74. Rg1 f2 75. Rf1 Re1 76.
Kg2 Rxf1 77. Kxf1 Kh3 78. Kxf2 Kxh2 79. Ke3 g3 0-1

[Event "Early-Titled-Tuesday-Blitz-September-26-2023"]
[Site "Chess.com"]
[Date "2023.09.26"]
[Round "7"]
[White "Flawless_Fighter"]
[Black "Shield12"]
[Result "0-1"]
[WhiteElo "2846"]
[BlackElo "2980"]
[TimeControl "180+1"]
[EndTime "9:21:28 PDT"]
[Termination "Shield12 won by checkmate"]

1. e4 c5 2. Nf3 e6 3. c3 Nf6 4. e5 Nd5 5. d4 cxd4 6. cxd4 d6 7. Bc4 Be7 8. O-O O-O 9. Qe2 b6 10. Bxd5 exd5 11. Nc3 Ba6 12. Nb5 Qd7 13. a4 Nc6 14.
Rd1 Rac8 15. Bf4 Rfe8 16. Rac1 h6 17. h3 dxe5 18. dxe5 Bc5 19. Qd2 Bxb5 20. axb5 Nb4 21. Qe2 f6 22. Qd2 Qxb5 23. Bxh6 Qd7 24. Bf4 fxe5 25.
Bxe5 Qf5 26. Bc3 Na2 27. Ra1 Nxc3 28. bxc3 a5 29. Qxd5+ Qxd5 30. Rxd5 Re2 31. Nd4 Rd2 32. Rb1 Rf8 33. Rf1 a4 34. Rd7 a3 35. Rb7 Rb2 36.
Ne6 Rfxf2 37. Rxf2 Bxf2+ 38. Kh2 Re2 39. Rxg7+ Kh8 40.
Re7 a2 41. Re8+ Kh7 42. Ng5+ Kg6 43. Rxe2 a1=Q 44. Rxf2 Kxg5 45. Rf3 Qe1 46. Rg3+ Kf4 47. Rf3+ Ke4 48. Rg3 Kd5 49. Rf3 Kc4 50. Rg3 Qe5 51.
h4 Qf4 52. Kh3 Kd5 53. Rg5+ Ke6 54. Rg3 Qf5+ 55. Kh2 Qe5 56. Kh3 Kf6 57. Rf3+ Kg6 58. Rg3+ Kf6 59. Rf3+ Ke6 60. Rg3 Qf5+ 61. Kh2 Qf4 62.
Kh3 Kd5 63. Rg5+ Kc6 64. Rg6+ Kb5 65. Rg5+ Ka6 66. Rg3 Qf5+ 67. Kh2 b5 68. Rf3 Qg4 69.
Rh3 Qh5 70. Kg3 Qe5+ 71. Kf2 Qf5+ 72. Kg1 Qh5 73. Kh2 Ka5 74. Kg3 Ka4 75. Kh2 Kb3 76.
Kh1 Kc2 77. Kh2 Kd2 78. Kg3 Ke3 79. Rh1 Qg6+ 80. Kh3 Kf2 81. g4 Qd3+ 82. Kh2 Qg3# 0-1